 Dungeon Crawl Stone Soup version 0.30.1-9-gdf580d7c3d (webtiles) character file.

Game seed: 3663500208157609963

85 Ivernyr the Slasher (level 4, 23/23 HPs)
             Began as a Vine Stalker Gladiator on Sept 28, 2023.
             Got out of the dungeon alive.
             The game lasted 00:03:12 (1137 turns).

Ivernyr the Slasher (Vine Stalker Gladiator)        Turns: 1137, Time: 00:03:13

Health: 23/23      AC:  7    Str: 16    XL:     4   Next: 48%
Magic:  5/5        EV: 12    Int:  8    God:
Gold:   65         SH:  0    Dex: 18    Spells: 3/3 levels left

rFire   + . .        a - +0 long sword
rCold   . . .        (no shield)
rNeg    . . .        b - +0 ring mail {rF+}
rPois   .            c - +1 helmet
rElec   .            (no cloak)
rCorr   .            (no gloves)
SInv    .            (no boots)
Will    .....        (no amulet)
Stlth   +            (no ring)
HPRegen 1.03/turn    (no ring)
MPRegen 0.09/turn

%: guardian spirit
@: no status effects
A: fangs 2, regeneration 1, magic shield, antimagic bite, no potion heal 2
a: no special abilities


You escaped.
You visited 1 branch of the dungeon, and saw 2 of its levels.

You collected 65 gold pieces.

Inventory:

Hand Weapons
 a - a +0 long sword (weapon)
Missiles
 d - 3 throwing nets (quivered)
 e - a javelin
Armour
 b - a +0 ring mail of fire resistance (worn)
 c - a +1 helmet (worn)
Jewellery
 n - a ring of willpower
Scrolls
 i - a scroll of blinking {unknown}
 j - 3 scrolls of identify {unknown}
 k - 2 scrolls of teleportation {unknown}
 l - a scroll of enchant armour {unknown}
Potions
 f - a potion of attraction {unknown}
 g - a potion of berserk rage {unknown}
 h - 2 potions of might {unknown}
 m - a potion of degeneration {unknown}
 o - a potion of lignification {unknown}


   Skills:
 + Level 2.7 Fighting
 + Level 3.4 Long Blades
 - Level 1.7 Throwing
 + Level 3.1 Dodging


You had 3 spell levels left.
You didn't know any spells.
Your spell library contained the following spells:

 Spells                   Type           Power      Damage    Failure   Level
 Ozocubu's Armour         Ice            0%         N/A       94%         3
 Summon Guardian Golem    Hex/Summ       0%         N/A       94%         3
 Metabolic Englaciation   Hex/Ice        0%         N/A       100%        5
 Simulacrum               Ice/Necr       0%         N/A       100%        6
 Orb of Destruction       Conj           0%         9d5       100%        7
 Spellforged Servitor     Conj/Summ      0%         N/A       100%        7


Dungeon Overview and Level Annotations

Branches:
Dungeon (2/15)

Altars:


Innate Abilities, Weirdness & Mutations

You have extremely sharp teeth.
Your natural rate of healing is unusually fast.
When hurt, damage is shared between your health and your magic reserves.
Your bite disrupts and absorbs the magic of your enemies.
Potions cannot restore your health.


Message History

Items here: ( )) [ ††.
You start resting.
You feel sick.
You are no longer poisoned.
Okay, then.
Items here: ( )) [ ††.
Okay, then.
You start removing your armour.
You continue taking off your +0 leather armour. x4
You finish taking off your +0 leather armour.
You drop a +0 leather armour.
Items here: ( )) [ ††.
b - a +0 ring mail of fire resistance You start putting on your armour.
You continue putting on your +0 ring mail of fire resistance.
HP restored.
You continue putting on your +0 ring mail of fire resistance. x3
You finish putting on your +0 ring mail of fire resistance.
You feel resistant to fire.
Items here: ( )) ††.
Okay, then.
Unknown command.
Unknown command.
Number of times to repeat, then command key: You must enter the number of times for the command to repeat.
Unknown command.
(D) Dungeon
Where to? (Enter - D:2, ? - help)
What level of the Dungeon? (default 1, ? - help)
Found a scale mail.
Found a dagger.
There is a stone staircase leading up here.
You climb upwards.
There is a stone staircase leading down here.
There is an open door here.
There is a staircase leading out of the dungeon here.
Are you sure you want to leave the Dungeon?
This will make you lose the game!
Alright, then stay!
You can't go down here!
Are you sure you want to leave the Dungeon?
This will make you lose the game!
You have escaped!

.# #################.#####.....
.# #P~~≈≈≈≈≈~≈P.# ###### .#
#.P~~≈≈≈≈≈P..# .# #..P~~≈≈~P...#
.# #...P~≈~P....# .######
#....P~P.....########## ......#
#.....P......##........ ......#
##............##........ ......#
##......@......##........ ......#
#..............##........ #.....#
#.#.....P......##........
#.....###.#....P~P.....##........
#.....#...#...P~~~P....##........
......+...#..P~≈≈≈~P...###......#
#######...#.P~~≈≈≈≈~P..# #......#
#...#P~~≈≈≈≈≈≈~P.###......# ####
#...############...#......#


There were no monsters in sight!

Vanquished Creatures
  Terence (D:2)
  An adder (D:2)
  2 worms (D:2)
  2 dart slugs
  2 bats
  3 giant cockroaches
  5 hobgoblins
  4 jackals (D:2)
  4 kobolds
  2 quokkas (D:2)
  2 ball pythons (D:1)
  4 frilled lizards (D:1)
  4 goblins (D:1)
  5 rats
41 creatures vanquished.

Notes
Turn   | Place    | Note
-------+----------+-------------------------------------------
     0 | D:1      | Ivernyr the Vine Stalker Gladiator began the quest for the
                  | Orb.
     0 | D:1      | Reached XP level 1. HP: 11/11 MP: 2/2
   189 | D:1      | Reached XP level 2. HP: 15/15 MP: 1/3
   731 | D:2      | Reached XP level 3. HP: 18/18 MP: 4/4
   830 | D:2      | Found a faded altar of an unknown god.
  1050 | D:2      | Gained mutation: Your natural rate of healing is unusually
                  | fast. [Vine Stalker growth]
  1050 | D:2      | Reached XP level 4. HP: 23/23 MP: 5/5
  1059 | D:2      | Noticed Terence
  1076 | D:2      | Killed Terence
  1137 | D:$      | Got out of the dungeon alive.

Illustrated notes

Levels and vault maps discovered:
D:1:      eino_arrival_druids_welcome, layout_basic
D:2:      layout_rooms, ebering_ecumenical_altar_mist, st_stairs_9, uniq_terence

Skill      XL: |  1  2  3 |
---------------+----------+-----
Fighting       | 2 |  2.7
Long Blades    | 3 |  3.4
Dodging        | 3 |  3.1
Throwing       | |  1.7

Action                     |  1- 3 |  4- 6 || total
---------------------------+-------+-------++-------
  Melee: Long sword        |    95 |    12 ||   107
         Bite              |    19 |     4 ||    23
         Punch             |       |     1 ||     1
   Stab: Sleeping          |     1 |       ||     1
 Armour: Leather armour    |    21 |       ||    21
  Dodge: Dodged            |    78 |     8 ||    86
